 Dungeon Crawl Stone Soup version 0.14-a0-155-gd989017 (webtiles) character file.

1996 Malachi the Martial Artist (level 8, -1/59 HPs)
             Began as a Demonspawn Monk on Oct 4, 2013.
             Killed from afar by an electric eel (6 damage)
             ... with a bolt of electricity
             ... on Level 6 of the Dungeon.
             The game lasted 00:11:51 (6583 turns).

Malachi the Martial Artist (Demonspawn Monk)        Turns: 6583, Time: 00:11:51

HP  -1/59        AC  7     Str 14      XL: 8   Next: 67%
MP   0/9         EV 16     Int 12      God:
Gold 349         SH  0     Dex 18      Spells:  0 memorised, 10 levels left

Res.Fire  : . . .   See Invis. : .     - Unarmed
Res.Cold  : . . .   Warding    : .   a - +0 robe
Life Prot.: . . .   Conserve   : .   (no shield)
Res.Poison: .       Res.Corr.  : .   (no helmet)
Res.Elec. : .       Clarity    : .   D - +0 cloak
Sust.Abil.: . .     Spirit.Shd : +   (no gloves)
Res.Mut.  : .       Stasis     : .   (no boots)
Res.Rott. : .       Flight     : .   (no amulet)
Saprovore : . . .                    (no ring)
                                     (no ring)

@: slightly resistant to hostile enchantments, fairly stealthy
A: claws 2, -10% mp, mutation resistance 1, spiny 1, magic shield, AC +4, Str
+2, Dex +1
a: no special abilities


You were on level 6 of the Dungeon.
You were hungry.

You visited 1 branch of the dungeon, and saw 6 of its levels.
You also visited: Sewer.

You collected 349 gold pieces.

Inventory:

Hand weapons
 f - a +2,+1 dwarven dagger of venom
 t - a +0 blowgun
Missiles
 v - 5 poisoned needles
Armour
 a - a +0 robe (worn)
 D - a +0 cloak (worn)
Magical devices
 z - a wand of confusion (15) {unknown}
 C - a wand of random effects (9) {unknown}
 F - a wand of disintegration (7) {unknown}
Comestibles
 b - 3 bread rations
 c - 2 meat rations
 l - a banana
 u - 2 cheeses
 E - a pear
 H - a chunk of jackal flesh
 I - a chunk of adder flesh
Scrolls
 d - 4 scrolls of identify
 e - 3 scrolls of remove curse {unknown}
 g - 2 scrolls of enchant weapon II {unknown}
 h - a scroll of blinking {unknown}
 k - a scroll of curse jewellery {unknown}
 o - a scroll of fear {unknown}
 p - 3 scrolls of teleportation {unknown}
 q - 2 scrolls of curse weapon {unknown}
 r - a scroll of random uselessness {unknown}
 y - a scroll of recharging {unknown}
 B - a scroll of enchant armour {unknown}
 G - a scroll of magic mapping
Jewellery
 A - an uncursed amulet of faith {unknown}
Potions
 i - 2 potions of brilliance
 j - 3 potions of curing
 n - 2 potions of poison
 s - a potion of invisibility {unknown}
 w - 3 potions of might
 x - 2 potions of speed
Magical staves
 m - an uncursed staff of earth


   Skills:
 + Level 4.7 Fighting
 + Level 6.2 Dodging
 - Level 1.7 Stealth
 * Level 8.3 Unarmed Combat
 * Level 1.5 Spellcasting


You had 10 spell levels left.
You didn't know any spells.

Dungeon Overview and Level Annotations

Branches:
Dungeon (6/27)
 Temple: D:4-7          Orc: D:6-11

Altars:
Vehumet


Innate Abilities, Weirdness & Mutations

You have very sharp fingernails.
You are partially covered in rough black scales (AC +4, Dex -1).
You are partially covered in sharp spines.
When hurt, damage is shared between your health and your magic reserves.
You are agile. (Dex +2)
Your magical capacity is low (-10% MP).
You are somewhat resistant to further mutation.
Your muscles are strong. (Str +2)


Message History

The giant goldfish is struck by your spines.
The giant goldfish barely misses you. The orc hits you.
You hit the giant goldfish.
The giant goldfish is moderately wounded.
The giant goldfish bites you!
The orc splashes around in the water.
You hit the giant goldfish but do no damage.
The giant goldfish is moderately wounded.
The giant goldfish bites you! The orc is struck by your spines.
You kill the orc!
You hear a splash.
You barely miss the giant goldfish.
The giant goldfish is heavily wounded.
The electric eel shoots out a bolt of electricity!
The bolt of electricity hits you!
* * * LOW HITPOINT WARNING * * *
The giant goldfish bites you!
* * * LOW HITPOINT WARNING * * *
The electric eel shoots out a bolt of electricity!
The bolt of electricity hits you!
You die...

....#.# ..PP.....
....# .. ≈.≈≈≈≈....#
....# P ≈.≈≈≈≈≈....#
....# ≈≈≈≈≈≈≈.≈♣..#
##### ≈≈≈≈≈≈≈≈≈P..#
≈.≈≈.;≈.♣...# ##
P≈≈≈≈≈5{{....# .#
#....♣'.# %# ######.@#
'#### #####'#####
....# #.........#
....# #.........#
....# #.........#
....########.........#
....'.....##.........#
....#####..'.........#
.[..# ####.........#


You could see an electric eel and a crimson imp.

Vanquished Creatures
  Prince Ribbit (D:4)
  An ice beast (D:6)
  Purgy (D:4)
  2 centaurs (D:5)
  An ogre (D:6)
  3 sky beasts
  Blork the orc (D:4)
  A hippogriff skeleton (D:5)
  3 crimson imps (D:5)
  A centaur zombie (D:6)
  2 hounds (D:4)
  2 big fish (Sewer)
  Crazy Yiuf (D:4)
  An orc wizard (D:5)
  A worker ant (D:4)
  Terence (D:2)
  12 adders
  2 worms (D:6)
  4 grey rats (D:2)
  A giant eyeball (D:5)
  2 oozes
  11 orcs
  8 ball pythons
  8 bats
  4 giant cockroaches
  7 goblins
  12 hobgoblins
  14 kobolds
  8 quokkas
  A giant gecko (D:4)
  3 giant newts
  6 jackals
  A jackal zombie (D:5)
  32 rats
  A rat zombie (D:6)
  3 plants (Sewer)
163 creatures vanquished.

Notes
Turn   | Place    | Note
--------------------------------------------------------------
     0 | D:1      | Malachi, the Demonspawn Monk, began the quest for the Orb.
     0 | D:1      | Reached XP level 1. HP: 16/16 MP: 0/0
   134 | D:1      | Reached skill level 4 in Unarmed Combat
   337 | D:1      | Gained mutation: You have sharp fingernails. [demonic ancestry]
   337 | D:1      | Reached XP level 2. HP: 15/22 MP: 1/1
  1221 | D:1      | Gained mutation: When hurt, damage is shared between your health and your magic reserves. [demonic ancestry]
  1221 | D:1      | Reached XP level 3. HP: 28/28 MP: 2/2
  1774 | D:2      | Noticed Terence
  1788 | D:2      | Killed Terence
  2000 | D:2      | Gained mutation: You have very sharp fingernails. [demonic ancestry]
  2000 | D:2      | Reached XP level 4. HP: 13/34 MP: 1/3
  2911 | D:3      | Found a glowing drain.
  2944 | Sewer    | Entered a sewer
  3029 | Sewer    | Reached skill level 5 in Unarmed Combat
  3029 | Sewer    | Gained mutation: You are partially covered in rough black scales (AC +4, Dex -1). [demonic ancestry]
  3029 | Sewer    | Reached XP level 5. HP: 24/40 MP: 2/4
  3962 | Sewer    | Gained mutation: Your muscles are strong. (Str +2) [potion of mutation]
  3962 | Sewer    | Gained mutation: Your magical capacity is low (-10% MP). [potion of mutation]
  3962 | Sewer    | Gained mutation: You are somewhat resistant to further mutation. [potion of mutation]
  3963 | Sewer    | Gained mutation: You are agile. (Dex +2) [potion of mutation]
  4850 | D:4      | Reached XP level 6. HP: 44/46 MP: 4/4
  4862 | D:4      | Noticed Prince Ribbit
  4876 | D:4      | Killed Prince Ribbit
  4876 | D:4      | Reached skill level 6 in Unarmed Combat
  4936 | D:4      | Noticed Purgy
  4949 | D:4      | Killed Purgy
  4949 | D:4      | Reached skill level 5 in Dodging
  4949 | D:4      | Gained mutation: You are partially covered in sharp spines. [demonic ancestry]
  4949 | D:4      | Reached XP level 7. HP: 31/52 MP: 2/5
  5177 | D:4      | Noticed Blork the orc
  5188 | D:4      | Killed Blork the orc
  5350 | D:4      | Noticed Crazy Yiuf
  5360 | D:4      | Killed Crazy Yiuf
  5417 | D:5      | Entered Level 5 of the Dungeon
  5417 | D:5      | Found a radiant altar of Vehumet.
  5620 | D:5      | Reached skill level 7 in Unarmed Combat
  5625 | D:5      | Paralysed by a giant eyeball for 2 turns
  5635 | D:5      | Reached XP level 8. HP: 44/59 MP: 4/6
  5635 | D:5      | Paralysed by a giant eyeball for 2 turns
  6359 | D:6      | Reached skill level 1 in Spellcasting
  6363 | D:6      | Reached skill level 8 in Unarmed Combat
  6583 | D:6      | Killed from afar by an electric eel

Action                   |  1- 3 |  4- 6 |  7- 9 || total
-------------------------+-------+-------+-------++-------
Melee: Unarmed           |   101 |   315 |   163 ||   579
  Use: Potion            |     2 |     5 |       ||     7
       Scroll            |       |     5 |       ||     5
 Stab: Sleeping          |     2 |     4 |     2 ||     8
